PA
GRIM REAPERS @ IDAHO FALLS CHUKARS
07/28/2031
 
TOP OF THE 1ST
Grim Reapers batting - Pitching for Idaho Falls Chukars : RHP José Castro
Pitching: RHP José Castro
Batting: RHB Askari bin Idris 0-0: Ball
1-0: Foul Ball, location: 2F
1-1: Ball
2-1: Foul Ball, location: 2F
2-2: Foul Ball, location: 2F
2-2: Foul Ball, location: 2F
2-2: Strikes out swinging
Batting: RHB Keiran Calleson 0-0: DOUBLE (Flyball, 89D)
Batting: RHB Milos Jaksch 0-0: Called Strike
0-1: Ball
Keiran Calleson steals 3rd base
1-1: Called Strike
1-2: Foul Ball, location: 2F
1-2: Ball
2-2: Ball
3-2: Ground out 4-3 (Groundball, 6M)
Keiran Calleson scores
Batting: RHB Mun-wah Law 0-0: Foul Ball, location: 2F
0-1: Ball
1-1: Ball
2-1: SINGLE (Groundball, 6D)
Batting: RHB Bearooz Yacoobi 0-0: Called Strike
0-1: Foul Ball, location: 2F
0-2: Ball
1-2: Foul Ball, location: 2F
1-2: Strikes out swinging
Top of the 1st over - 1 run, 2 hits, 0 errors, 1 left on base; Grim 1 - Idaho Falls 0
BOTTOM OF THE 1ST
Idaho Falls Chukars batting - Pitching for Grim Reapers : RHP Cisco Pérez
Pitching: RHP Cisco Pérez
Batting: RHB Petri Kallio 0-0: SINGLE (Groundball, 6MD)
Batting: RHB Kupaalani Bakana 0-0: Ball
1-0: Ball
2-0: Foul Ball, location: 2F
2-1: Ball
3-1: Called Strike
3-2: Strikes out swinging
Petri Kallio is caught stealing 2nd base
Batter strikes out.
Batting: RHB Olaf Esveld 0-0: Ball
1-0: Ball
2-0: Ball
3-0: Called Strike
3-1: Foul Ball, location: 2F
3-2: Fly out, F8 (Line Drive, 78D)
Bottom of the 1st over - 0 runs, 1 hit, 0 errors, 0 left on base; Grim 1 - Idaho Falls 0
TOP OF THE 2ND
Grim Reapers batting - Pitching for Idaho Falls Chukars : RHP José Castro
Batting: RHB Huai-yi Yang 0-0: Called Strike
0-1: Fly out, F7 (Flyball, 7S)
Batting: RHB Keohi Iese 0-0: Foul Ball, location: 2F
0-1: Swinging Strike
0-2: Ball
1-2: Ball
2-2: Foul Ball, location: 2F
2-2: Strikes out swinging
Batting: RHB Joe Rodgers 0-0: Called Strike
0-1: Called Strike
0-2: Ground out 6-3 (Groundball, 6)
Top of the 2nd over - 0 runs, 0 hits, 0 errors, 0 left on base; Grim 1 - Idaho Falls 0
BOTTOM OF THE 2ND
Idaho Falls Chukars batting - Pitching for Grim Reapers : RHP Cisco Pérez
Batting: RHB Bill Chaundler 0-0: Called Strike
0-1: Foul Ball, location: 2F
0-2: Ball
1-2: Strikes out swinging
Batting: RHB Juan Sánchez 0-0: Called Strike
0-1: Called Strike
0-2: Strikes out looking
Batting: RHB Paul Evison 0-0: Ball
1-0: Ball
2-0: Called Strike
2-1: Ball
3-1: Base on Balls
Batting: RHB Phillip Burgess 0-0: Called Strike
0-1: Ball
1-1: Foul Ball, location: 2F
1-2: Foul Ball, location: 2F
1-2: Strikes out swinging
Bottom of the 2nd over - 0 runs, 0 hits, 0 errors, 1 left on base; Grim 1 - Idaho Falls 0
TOP OF THE 3RD
Grim Reapers batting - Pitching for Idaho Falls Chukars : RHP José Castro
Batting: SHB Guo-liang Ye 0-0: Called Strike
0-1: Swinging Strike
0-2: Strikes out swinging
Batting: RHB Askari bin Idris 0-0: Ball
1-0: Ball
2-0: Foul Ball, location: 2F
2-1: Called Strike
2-2: Strikes out swinging
Batting: RHB Keiran Calleson 0-0: Ball
1-0: Ball
2-0: Called Strike
2-1: Ball
3-1: Foul Ball, location: 2F
3-2: Ground out 5-3 (Groundball, 56)
Top of the 3rd over - 0 runs, 0 hits, 0 errors, 0 left on base; Grim 1 - Idaho Falls 0
BOTTOM OF THE 3RD
Idaho Falls Chukars batting - Pitching for Grim Reapers : RHP Cisco Pérez
Batting: SHB Joel Washington 0-0: Ball
1-0: Swinging Strike
1-1: Ball
2-1: Called Strike
2-2: Ball
3-2: Strikes out swinging
Batting: RHB Falco Opsteegh 0-0: Ball
1-0: Called Strike
1-1: Foul Ball, location: 2F
1-2: Reached on error, E3 (Groundball, 34)
Batting: RHB Petri Kallio 0-0: Ball
1-0: Foul Ball, location: 2F
1-1: Ball
2-1: Foul Ball, location: 2F
2-2: Strikes out swinging
Batting: RHB Kupaalani Bakana 0-0: Fly out, F1 (Line Drive, 13)
Bottom of the 3rd over - 0 runs, 0 hits, 1 error, 1 left on base; Grim 1 - Idaho Falls 0
TOP OF THE 4TH
Grim Reapers batting - Pitching for Idaho Falls Chukars : RHP José Castro
Batting: RHB Milos Jaksch 0-0: Called Strike
0-1: Ground out 4-3 (Groundball, 4)
Batting: RHB Mun-wah Law 0-0: Called Strike
0-1: Ball
1-1: Ground out U3 (Groundball, 34S)
Batting: RHB Bearooz Yacoobi 0-0: Ball
1-0: Foul Ball, location: 2F
1-1: Ball
2-1: Ball
3-1: Called Strike
3-2: Foul Ball, location: 2F
3-2: Foul Ball, location: 2F
3-2: Fly out, F7 (Flyball, 78M)
Top of the 4th over - 0 runs, 0 hits, 0 errors, 0 left on base; Grim 1 - Idaho Falls 0
BOTTOM OF THE 4TH
Idaho Falls Chukars batting - Pitching for Grim Reapers : RHP Cisco Pérez
Batting: RHB Olaf Esveld 0-0: Called Strike
0-1: Fly out, F7 (Flyball, 7LMF)
Batting: RHB Bill Chaundler 0-0: Swinging Strike
0-1: Hit by Pitch
Batting: RHB Juan Sánchez 0-0: Ball
1-0: Fly out, F4 (Flyball, 34D)
Batting: RHB Paul Evison 0-0: Called Strike
0-1: Ball
1-1: Foul Ball, location: 2F
1-2: Strikes out swinging
Bottom of the 4th over - 0 runs, 0 hits, 0 errors, 1 left on base; Grim 1 - Idaho Falls 0
TOP OF THE 5TH
Grim Reapers batting - Pitching for Idaho Falls Chukars : RHP José Castro
Pitching: RHP Simon Wolston
Batting: RHB Huai-yi Yang 0-0: Ball
1-0: Ball
2-0: Ball
3-0: Called Strike
3-1: Base on Balls
Batting: RHB Keohi Iese 0-0: Bunted foul
0-1: Ball
1-1: Bunted foul
1-2: Grounds into double play, 5-4-3 (Groundball, 56)
Batting: RHB Joe Rodgers 0-0: Called Strike
0-1: Swinging Strike
0-2: Strikes out looking
Top of the 5th over - 0 runs, 0 hits, 0 errors, 0 left on base; Grim 1 - Idaho Falls 0
BOTTOM OF THE 5TH
Idaho Falls Chukars batting - Pitching for Grim Reapers : RHP Cisco Pérez
Batting: RHB Phillip Burgess 0-0: Foul Ball, location: 2F
0-1: Foul Ball, location: 2F
0-2: Ball
1-2: Ball
2-2: Ball
3-2: Foul Ball, location: 2F
3-2: Foul Ball, location: 2F
3-2: SINGLE (Flyball, 89S)
Batting: SHB Joel Washington 0-0: Ball
Phillip Burgess steals 2nd base
1-0: Called Strike
1-1: Ball
2-1: Sac Bunt - play at first, batter OUT! 1-3
Phillip Burgess to third
Batting: RHB Falco Opsteegh 0-0: Called Strike
0-1: Ground out 4-3 (Groundball, 4S)
Phillip Burgess scores
Batting: RHB Petri Kallio 0-0: Foul Ball, location: 2F
0-1: Swinging Strike
0-2: Ball
1-2: Strikes out looking
Bottom of the 5th over - 1 run, 1 hit, 0 errors, 0 left on base; Grim 1 - Idaho Falls 1
TOP OF THE 6TH
Grim Reapers batting - Pitching for Idaho Falls Chukars : RHP Simon Wolston
Batting: SHB Guo-liang Ye 0-0: Ground out 4-3 (Groundball, 4S)
Batting: RHB Askari bin Idris 0-0: Called Strike
0-1: Swinging Strike
0-2: Ball
1-2: Ball
2-2: Ground out 5-3 (Groundball, 5)
Batting: RHB Keiran Calleson 0-0: Swinging Strike
0-1: Ball
1-1: Foul Ball, location: 2F
1-2: Foul Ball, location: 2F
1-2: Strikes out swinging
Top of the 6th over - 0 runs, 0 hits, 0 errors, 0 left on base; Grim 1 - Idaho Falls 1
BOTTOM OF THE 6TH
Idaho Falls Chukars batting - Pitching for Grim Reapers : RHP Cisco Pérez
Batting: RHB Kupaalani Bakana 0-0: SINGLE (Flyball, 7LS)
Pitching: RHP Finley Berose
Batting: RHB Olaf Esveld 0-0: Ball
1-0: Grounds into double play, 4-6-3 (Groundball, 4)
Batting: RHB Bill Chaundler 0-0: Ball
1-0: Called Strike
1-1: Ball
2-1: Ground out 4-3 (Groundball, 4)
Bottom of the 6th over - 0 runs, 1 hit, 0 errors, 0 left on base; Grim 1 - Idaho Falls 1
TOP OF THE 7TH
Grim Reapers batting - Pitching for Idaho Falls Chukars : RHP Simon Wolston
Batting: RHB Milos Jaksch 0-0: Ball
1-0: Called Strike
1-1: Ball
2-1: Fly out, F9 (Flyball, 89D)
Batting: RHB Mun-wah Law 0-0: Called Strike
0-1: Ball
1-1: Called Strike
1-2: Ball
2-2: Ground out 3-1 (Groundball, 34)
Batting: RHB Bearooz Yacoobi 0-0: Called Strike
0-1: Swinging Strike
0-2: Foul Ball, location: 2F
0-2: SINGLE (Flyball, 9LM)
Batting: RHB Huai-yi Yang 0-0: Foul Ball, location: 2F
0-1: Called Strike
0-2: Ball
1-2: Strikes out swinging
Top of the 7th over - 0 runs, 1 hit, 0 errors, 1 left on base; Grim 1 - Idaho Falls 1
BOTTOM OF THE 7TH
Idaho Falls Chukars batting - Pitching for Grim Reapers : RHP Finley Berose
Batting: RHB Juan Sánchez 0-0: Called Strike
0-1: Ball
1-1: Ball
2-1: Foul Ball, location: 2F
2-2: Strikes out looking
Batting: RHB Paul Evison 0-0: Foul Ball, location: 2F
0-1: Ball
1-1: Ball
2-1: Swinging Strike
2-2: Ball
3-2: Foul Ball, location: 2F
3-2: Foul Ball, location: 2F
3-2: Foul Ball, location: 2F
3-2: Foul Ball, location: 2F
3-2: Foul Ball, location: 2F
3-2: Fly out, F6 (Line Drive, 6)
Batting: RHB Phillip Burgess 0-0: Foul Ball, location: 2F
0-1: Ball
1-1: Ball
2-1: Foul Ball, location: 2F
2-2: SINGLE (Line Drive, 9S)
Pinch Hitting: RHB Pedro Martínez 0-0: Ball
1-0: Ball
2-0: Ball
3-0: Base on Balls
Phillip Burgess to second
Pinch Hitting: RHB José Vargas 0-0: Swinging Strike
0-1: SINGLE (Groundball, 34D)
Phillip Burgess to third
Pedro Martínez to second
Runner from 3rd tries for Home, SAFE, no throw
Batting: RHB Petri Kallio 0-0: Ball
1-0: 3-RUN HOME RUN (Flyball, 9LD), Distance : 357 ft
Pitching: RHP Chang-soo Yi
Batting: RHB Kupaalani Bakana 0-0: Ball
1-0: Ball
2-0: Foul Ball, location: 2F
2-1: Ball
3-1: Swinging Strike
3-2: Base on Balls
Batting: RHB Olaf Esveld 0-0: Ball
1-0: Foul Ball, location: 2F
1-1: Called Strike
1-2: Foul Ball, location: 2F
1-2: Ball
2-2: Ball
3-2: Foul Ball, location: 2F
3-2: Strikes out swinging
Bottom of the 7th over - 4 runs, 3 hits, 0 errors, 1 left on base; Grim 1 - Idaho Falls 5
TOP OF THE 8TH
Grim Reapers batting - Pitching for Idaho Falls Chukars : RHP Simon Wolston
Now at 3B: José Vargas
Now at SS: Pedro Martínez
Batting: RHB Keohi Iese 0-0: Called Strike
0-1: Ball
1-1: Ball
2-1: Ground out 6-3 (Groundball, 56)
Batting: RHB Joe Rodgers 0-0: SINGLE (Groundball, 4S) (infield hit)
Batting: SHB Guo-liang Ye 0-0: SINGLE (Line Drive, 9S)
Joe Rodgers to second
Batting: RHB Askari bin Idris 0-0: Called Strike
0-1: Ball
1-1: Ball
2-1: Ball
3-1: Called Strike
3-2: Fly out, F8 (Flyball, 8LD)
Batting: RHB Keiran Calleson 0-0: SINGLE (Line Drive, 4MD)
Joe Rodgers to third
Guo-liang Ye to second
Batting: RHB Milos Jaksch 0-0: Ball
1-0: SINGLE (Line Drive, 56)
Joe Rodgers scores
Guo-liang Ye to third
Keiran Calleson to second
Runner from 3rd tries for Home, throw and OUT!
Top of the 8th over - 1 run, 4 hits, 0 errors, 2 left on base; Grim 2 - Idaho Falls 5
BOTTOM OF THE 8TH
Idaho Falls Chukars batting - Pitching for Grim Reapers : RHP Chang-soo Yi
Batting: RHB Bill Chaundler 0-0: Called Strike
0-1: Foul Ball, location: 2F
0-2: Foul Ball, location: 2F
0-2: Foul Ball, location: 2F
0-2: Strikes out swinging
Batting: RHB Juan Sánchez 0-0: SINGLE (Groundball, 34D)
Batting: RHB Paul Evison 0-0: Called Strike
0-1: Ball
1-1: Swinging Strike
1-2: Foul Ball, location: 2F
1-2: Strikes out swinging
Batting: RHB Phillip Burgess 0-0: Ball
1-0: Ball
2-0: Ground out 3-1 (Groundball, 34S)
Bottom of the 8th over - 0 runs, 1 hit, 0 errors, 1 left on base; Grim 2 - Idaho Falls 5
TOP OF THE 9TH
Grim Reapers batting - Pitching for Idaho Falls Chukars : RHP Simon Wolston
Pitching: LHP Albert Hernández
Batting: RHB Mun-wah Law 0-0: Called Strike
0-1: Ball
1-1: Swinging Strike
1-2: Foul Ball, location: 2F
1-2: Ground out 6-3 (Groundball, 6M)
Batting: RHB Bearooz Yacoobi 0-0: Ball
1-0: Ball
2-0: Fly out, F8 (Flyball, 78D)
Batting: RHB Huai-yi Yang 0-0: Ball
1-0: Fly out, F4 (Flyball, 4MD)
Top of the 9th over - 0 runs, 0 hits, 0 errors, 0 left on base; Grim 2 - Idaho Falls 5
Tuesday, June 12th, 2018 - OOTP Baseball 18.8 Build 76